 Dungeon Crawl Stone Soup version 0.22-a0-614-g34fbaa0 (webtiles) character file.

72 GizzardofKazz the Sneak (level 4, -1/21 HPs)
             Began as a Spriggan Enchanter on July 12, 2018.
             Slain by a gnoll
             ... wielding a cursed -1 spear
              (6 damage)
             ... on level 2 of the Dungeon.
             The game lasted 00:06:59 (1158 turns).

GizzardofKazz the Sneak (Spriggan Enchanter)        Turns: 1158, Time: 00:07:00

Health: -1/21      AC:  2    Str:  4    XL:     4   Next: 6%
Magic:  9/9        EV: 18    Int: 16    God:
Gold:   50         SH:  0    Dex: 17    Spells: 1/8 levels left

rFire    . . .     SeeInvis +   e - +1 dagger (venom)
rCold    . . .     Gourm    .   (shield restricted)
rNeg     . . .     Faith    .   b - +0 robe
rPois    .         Spirit   .   (helmet restricted)
rElec    .         Reflect  .   (no cloak)
rCorr    .         Harm     .   (gloves unavailable)
MR       .....                  (boots unavailable)
Stlth    +++.......             (no amulet)
HPRegen  0.07/turn              (no ring)
MPRegen  0.11/turn              (no ring)

@: very quick
A: very small, unfitting armour, see invisible, herbivore, speed 3, slow
metabolism 2
a: no special abilities


You were on level 2 of the Dungeon.
You were not hungry.

You visited 1 branch of the dungeon, and saw 2 of its levels.

You collected 50 gold pieces.

Inventory:

Hand Weapons
 e - a +1 dagger of venom (weapon)
Armour
 b - a +0 robe (worn)
Jewellery
 i - a cursed ring of teleportation {unknown}
Scrolls
 a - a scroll of random uselessness {unknown}
 c - 2 scrolls of identify {unknown}
 g - a scroll of enchant armour {unknown}
 j - a scroll of remove curse {unknown}
Potions
 f - a potion of curing {unknown}
 h - 2 potions of might {unknown}
 k - 3 potions of magic {unknown}
Comestibles
 d - 2 rations


   Skills:
 + Level 2.9 Short Blades
 - Level 3.0 Dodging
 + Level 6.0 Stealth
 - Level 2.6 Spellcasting
 + Level 4.0 Hexes


You had one spell level left.
You knew the following spells:

 Your Spells              Type           Power        Failure   Level  Hunger
a - Corona                Hex            ###....      3%          1    #......
b - Confuse               Hex            ###.....     11%         3    ###....
c - Tukima's Dance        Hex            ###.....     11%         3    ###....

Your spell library contained the following spells:

 Spells                   Type           Power        Failure   Level  Hunger
 Ensorcelled Hibernation  Hex/Ice        #.....       13%         2    ##.....
 Dazzling Spray           Conj/Hex       #.....       26%         3    ###....


Dungeon Overview and Level Annotations

Branches:
Dungeon (2/15)

Altars:


Innate Abilities, Weirdness & Mutations

You are very small and have problems with some larger weapons.
You are too small for most types of armour.
You have supernaturally acute eyesight. (SInv)
You are a herbivore.
You cover ground extremely quickly.
You need to consume almost no food.


Message History

The gnoll barely misses you.
You hear a shout!
You hit the gnoll.
The gnoll is poisoned.
The gnoll is moderately wounded.
The gnoll barely misses you.
You hit the gnoll.
The gnoll is severely wounded.
The gnoll completely misses you. The gnoll misses you.
A gnoll comes into view. It is wielding a spear.
You closely miss the gnoll.
The gnoll is severely wounded.
The gnoll hits you.
The gnoll hits you from afar with a spear.
The gnoll misses you.
You hit the gnoll but do no damage.
The gnoll looks as sick as possible!
The gnoll is severely wounded.
The gnoll hits you.
* * * LOW HITPOINT WARNING * * *
The gnoll hits you from afar with a spear.
You die...

..... ... .###.#
# #...## #.. #.#
#. #....###.#
#.#
#.###.....#..###
#.#
#.......$....!..
#.#
#............#
#..#######..
#........!..#
#......<....
.###...#...###
##.#######.#
#.).#..@gg# #.#
#...#.#.#g# #.#
#####.#.# # ..#
#.#.# .## #.#?#
#. #.#.# #.#..
.....


You could see 3 gnolls.

Vanquished Creatures
  Jessica (D:2)
  A gnoll (D:2)
  A dart slug (D:1)
  2 leopard geckos (D:1)
  A giant cockroach (D:1)
  5 goblins
  7 hobgoblins (D:1)
  2 kobolds (D:1)
  A quokka (D:2)
  3 bats (D:1)
  3 frilled lizards (D:1)
  3 rats (D:1)
30 creatures vanquished.

Notes
Turn   | Place    | Note
-------+----------+-------------------------------------------
     0 | D:1      | GizzardofKazz the Spriggan Enchanter began the quest for the Orb.
     0 | D:1      | Reached XP level 1. HP: 9/9 MP: 5/5
   254 | D:1      | Reached skill level 5 in Stealth
   254 | D:1      | Reached XP level 2. HP: 10/13 MP: 6/6
   847 | D:1      | Reached XP level 3. HP: 16/16 MP: 8/8
  1109 | D:2      | Learned a level 3 spell: Confuse
  1113 | D:2      | Learned a level 3 spell: Tukima's Dance
  1142 | D:2      | Noticed Jessica
  1143 | D:2      | Killed Jessica
  1153 | D:2      | Reached skill level 6 in Stealth
  1153 | D:2      | Reached XP level 4. HP: 19/21 MP: 9/9
  1158 | D:2      | Slain by a gnoll

Vault maps used:
D:1:      dpeg_arrival_connections
D:2:      moated_statue, uniq_sigmund, uniq_jessica

Skill      XL: |  1  2  3 |
---------------+----------+-----
Stealth        | 5 6 |  6.0
Short Blades   | 2 |  2.9
Hexes          | 4 |  4.0
Dodging        | |  3.0
Spellcasting   | |  2.6

Action                   |  1- 3 |  4- 6 || total
-------------------------+-------+-------++-------
Melee: Dagger            |    71 |     5 ||    76
 Cast: Corona            |     5 |       ||     5
 Stab: Sleeping          |    11 |       ||    11
       Distracted        |     1 |       ||     1
Armor: Robe              |     2 |       ||     2
Dodge: Dodged            |    32 |     5 ||    37

Table legend:
 A = Spawn XP
 B = Non-spawn XP
 C = Spawn XP percentage of total XP
 D = Spawn monster count
 E = Non-spawn monster count
 F = Spawn count percentage of total count
 G = Total turns spent on level
                    A         B        C        D         E        F      G
               +---------+---------+-------+---------+---------+-------+---------
         Total |       0 |     103 |   0.0 |       0 |      30 |   0.0 |  1158
               +---------+---------+-------+---------+---------+-------+---------
           D:1 |       0 |      45 |   0.0 |       0 |      25 |   0.0 |  1104
           D:2 |       0 |      58 |   0.0 |       0 |       5 |   0.0 |    54
               +---------+---------+-------+---------+---------+-------+---------
